 Dungeon Crawl Stone Soup version 0.30-a0-743-gbfdf073431 (webtiles) character file.

Game seed: 12591155928001535801

28 sircluck the Sneak (level 2, -1/23 HPs)
             Began as a Demonspawn Brigand on Feb 6, 2023.
             Slain by a jackal (2 damage)
             ... on level 2 of the Dungeon.
             The game lasted 00:01:52 (935 turns).

sircluck the Sneak (Demonspawn Brigand)              Turns: 935, Time: 00:01:52

Health: -1/23      AC:  3    Str: 11    XL:     2   Next: 96%
Magic:  2/2        EV: 11    Int: 12    God:
Gold:   98         SH:  0    Dex: 16    Spells: 1/1 levels left

rFire   . . .      SeeInvis .    a - +2 dagger
rCold   . . .      Faith    .    (no shield)
rNeg    . . .      Spirit   .    b - +0 robe
rPois   .          Reflect  .    (no helmet)
rElec   .          Harm     .    c - +0 cloak
rCorr   .          Rampage  .    (no gloves)
Will    .....                    (no boots)
Stlth   ++++                     (no amulet)
HPRegen 0.23/turn                (no ring)
MPRegen 0.08/turn                (no ring)

@: brilliant
A: thin skeletal structure 1
a: no special abilities


You were on level 2 of the Dungeon.
You visited 1 branch of the dungeon, and saw 2 of its levels.

You collected 98 gold pieces.

Inventory:

Hand Weapons
 a - a +2 dagger (weapon)
Missiles
 d - 9 poisoned darts (quivered)
 e - 3 curare-tipped darts
 f - 10 stones
Armour
 b - a +0 robe (worn)
 c - a +0 cloak (worn)
Jewellery
 g - a ring of see invisible
Scrolls
 h - a scroll of immolation {unknown}
 j - a scroll of teleportation {unknown}


   Skills:
 + Level 2.3 Fighting
 + Level 2.1 Short Blades
 + Level 1.7 Throwing
 + Level 0.9 Dodging
 + Level 4.2 Stealth


You had one spell level left.
You didn't know any spells.
Your spell library was empty.

Dungeon Overview and Level Annotations

Branches:
Dungeon (2/15)

Altars:


Innate Abilities, Weirdness & Mutations

You have a somewhat thin skeletal structure. (Dex +2, Stealth+)


Message History

The jackal closely misses you. The jackal misses you. The adder misses you.
The jackal bites you but does no damage. x2
The jackal closely misses you. The jackal attacks as you move away!
The jackal closely misses you.
You feel sick. The adder bites you but does no damage.
The jackal closely misses you.
You hit the adder.
The adder is lightly wounded.
You feel sick.
The jackal bites you but does no damage.
The adder bites you but does no damage. The jackal closely misses you.
The adder bites you. The jackal bites you.
You hit the adder.
The adder is heavily wounded.
You feel sick. The jackal bites you.
The jackal bites you but does no damage. x2
The adder bites you.
The jackal bites you but does no damage.
The jackal bites you.
* * * LOW HITPOINT WARNING * * *
The endoplasm attacks as you move away! The endoplasm closely misses you.
You feel sick.
You are no longer poisoned.
You closely miss the adder.
The adder is heavily wounded.
The jackal bites you but does no damage.
The adder completely misses you. The jackal closely misses you.
The jackal misses you.
You hit the adder but do no damage.
The adder is heavily wounded.
The jackal barely misses you. The adder bites you.
* * * LOW HITPOINT WARNING * * *
The jackal bites you.
* * * LOW HITPOINT WARNING * * *
The adder barely misses you.
The jackal bites you but does no damage.
It was a potion of brilliance.
You feel clever all of a sudden. The jackal closely misses you.
The jackal bites you.
You die...

##............ .
............. ..
#).#.........
...##.#..........
.>..............
.. .......?...
#.##h........
#..@hS.......
......##S........
#.......h†.......
...##..#.........
.# #...[........
#.#..........
#.........##.
............
#####........


You could see an adder, 3 jackals and a ball python.

Vanquished Creatures
  2 dart slugs
  3 ball pythons (D:1)
  An endoplasm (D:1)
  3 goblins (D:1)
  A hobgoblin (D:1)
  3 jackals
  2 kobolds (D:1)
  A quokka (D:1)
  A frilled lizard (D:1)
  5 rats (D:1)
22 creatures vanquished.

Notes
Turn   | Place    | Note
-------+----------+-------------------------------------------
     0 | D:1      | sircluck the Demonspawn Brigand began the quest for the
                  | Orb.
     0 | D:1      | Reached XP level 1. HP: 16/16 MP: 1/1
    47 | D:1      | Reached skill level 4 in Stealth
   131 | D:1      | Found a faded altar of an unknown god.
   169 | D:1      | Gained mutation: You have a somewhat thin skeletal
                  | structure. (Dex +2, Stealth+) [demonic ancestry]
   169 | D:1      | Reached XP level 2. HP: 19/22 MP: 2/2
   934 | D:2      | HP: 1/23 [jackal (3)]
   935 | D:2      | Slain by a jackal

Illustrated notes

Levels and vault maps discovered:
D:1:      lemuel_arrival_funnel, layout_basic,
          hellmonk_ecumenical_altar_arch_garden
D:2:      layout_rooms, basic_altar, kennysheep_generic_room_7

Skill      XL: |  1  2 |
---------------+-------+-----
Stealth        | 4 |  4.2
Short Blades   | 2 |  2.1
Fighting       | |  2.3
Throwing       | |  1.7
Dodging        | |  0.9

Action                     || total
---------------------------++-------
  Melee: Dagger            ||    52
    Use: Potion            ||     1
   Stab: Sleeping          ||     7
 Armour: Robe              ||    17
  Dodge: Dodged            ||    39

Table legend: (Time is in decaauts)
 A = Elapsed time spent in this place.
 B = Non-inter-level travel time spent in this place.
 C = Inter-level travel time spent in this place.
 D = Time resting spent in this place.
 E = Time spent auto-exploring this place.
 F = Levels seen in this place.
 G = Mean time per level.
                   A        B        C        D        E       F      G
               +--------+--------+--------+--------+--------+-----+--------+
         Total |    929 |    883 |     46 |      0 |    614 |   2 |  464.5 |
       Dungeon |    929 |    883 |     46 |      0 |    614 |   2 |  464.5 |
               +--------+--------+--------+--------+--------+-----+--------+

Top non-repeatable levels by time:
     D:1: 916 daAuts
     D:2: 13 daAuts
